Map: Emerald City CE

Players

Ekelpack - Winner!

  • Race: Zerg Zerg
  • Spawn Location: 5:00

Nyck - Winner!

  • Race: Terran Terran
  • Spawn Location: 5:00

nishakaR

  • Race: Protoss Protoss
  • League: Master
  • Spawn Location: 11:00

Wandelstern

  • Race: Zerg Zerg
  • League: Diamond
  • Spawn Location: 11:00

VOD

Have the link to the VOD?

Description

Time

  • Played on: Dec. 18, 2024, 1:06 p.m.
  • Length: 6:33
Show
View Real Time Build Order
Export as new Build Order

Ekelpack Zerg - Winner!

Build Orders: Hatch First 

Get SALT Encoding   

  12  0:00  Drone  
  13  0:13  Overlord  
  13  0:17  Drone  
  14  0:31  Drone  
  15  0:48  Drone  
  15  0:49  Hatchery  
  15  1:04  Spawning Pool  
  14  1:07  Drone  
  15  1:12  Drone  
  15  1:15  Extractor  
  15  1:18  Drone  
  16  1:22  Drone  
  17  1:29  Drone  
  18  1:40  Drone  
  19  1:50  Queen  
  21  2:02  Queen  
  21  2:04  Drone  
  24  2:12  Drone  
  25  2:15  Overlord  
  25  2:27  Roach Warren  
  25  2:29  Drone  
  25  2:33  Drone  
  26  2:43  Drone  
  26  2:44  Drone  
  28  2:45  Drone  
  28  2:46  Drone  
  28  2:50  Extractor  
  29  2:55  Queen  
  31  3:01  Drone  
  31  3:03  Drone x2  
  34  3:09  Overlord  
  34  3:18  Drone x2  
  36  3:22  Overlord  
  36  3:24  Overlord  
  36  3:31  Evolution Chamber  
  35  3:42  Roach x4  
  43  3:50  Roach  
  45  4:05  Roach x5  
  45  4:06  Roach  
  57  4:16  Zerg Missile Weapons Level 1  
  57  4:40  Roach  
  57  4:41  Overlord x3  
  59  4:52  Lair  
  59  5:01  Roach x6  
  71  5:23  Roach x6  
  81  6:08  Roach  
  81  6:10  Overlord x4  
  81  6:11  Overlord  
  83  6:17  Hydralisk Den  
Show
View Real Time Build Order
Export as new Build Order

Nyck Terran - Winner!

Build Orders: 2 Factory 

Get SALT Encoding   

  12  0:00  SCV  
  13  0:12  SCV  
  14  0:17  Supply Depot  
  14  0:24  SCV  
  15  0:39  SCV  
  15  0:41  Barracks  
  16  0:47  Refinery  
  16  0:51  SCV  
  16  0:56  Refinery  
  17  1:03  SCV  
  18  1:15  SCV  
  19  1:28  Orbital Command  
  19  1:36  Factory  
  19  1:41  Barracks Tech Lab  
  19  1:54  SCV  
  20  2:04  Marine  
  20  2:06  SCV  
  22  2:12  Supply Depot  
  22  2:24  Command Center  
  22  2:36  Infernal Pre-Igniter  
  22  2:39  Barracks Reactor  
  22  2:41  Factory  
  22  2:44  SCV  
  22  2:51  Hellion  
  25  2:57  SCV  
  26  3:12  Supply Depot  
  26  3:14  Hellion  
  28  3:21  SCV  
  28  3:25  Barracks Tech Lab  
  29  3:29  Supply Depot  
  29  3:32  Hellion  
  33  3:34  Hellion  
  33  3:36  SCV  
  34  3:45  Starport  
  34  3:49  SCV  
  34  3:52  Supply Depot  
  34  3:54  Hellion  
  37  4:01  SCV  
  38  4:03  Hellion  
  38  4:08  Hellion  
  38  4:21  Engineering Bay  
  29  4:33  Viking  
  29  4:48  SCV  
  29  4:49  SCV  
  31  5:02  SCV x2  
  28  5:14  SCV  
  24  5:16  SCV  
  25  5:26  SCV  
  25  5:34  Starport Reactor  
Show
View Real Time Build Order
Export as new Build Order

nishakaR Protoss 

Build Orders: 1 Gate Expand, Oracle Opening 

Get SALT Encoding   

  12  0:01  Probe  
  13  0:13  Probe  
  14  0:17  Pylon  
  14  0:24  Probe  
  15  0:32  Probe  
  15  0:38  Gateway  
  15  0:40  Probe  
  16  0:47  Assimilator  
  17  0:51  Probe  
  18  1:03  Probe  
  19  1:15  Probe  
  20  1:25  Cybernetics Core  
  20  1:36  Nexus  
  20  1:40  Probe  
  21  1:47  Pylon  
  21  1:55  Probe  
  21  1:56  Assimilator, Adept  
  22  2:07  Probe  
  25  2:18  Stargate  
  25  2:19  Probe  
  26  2:28  Warp Gate  
  26  2:33  Shield Battery  
  26  2:35  Probe  
  27  2:41  Adept  
  29  2:46  Probe  
  29  2:47  Probe  
  31  2:54  Oracle  
  31  2:57  Gateway  
  34  3:09  Probe  
  34  3:10  Probe  
  36  3:21  Probe  
  36  3:22  Probe  
  38  3:33  Probe  
  39  3:34  Probe  
  39  3:39  Oracle  
  43  3:45  Probe  
  43  3:48  Pylon  
  44  3:50  Twilight Council  
  44  3:52  Forge  
  44  3:56  Assimilator  
  44  3:57  Probe  
  44  3:58  Pylon  
  45  4:03  Probe  
  45  4:09  Probe  
  47  4:15  Probe  
  48  4:21  Probe  
  45  4:28  Probe  
  45  4:29  Blink  
  46  4:34  Probe  
  47  4:40  Probe  
  47  4:41  Stalker x2  
  47  4:44  Nexus  
  52  4:46  Probe  
  52  4:51  Pylon  
  52  4:52  Probe  
  54  4:58  Probe  
  55  5:04  Probe  
  56  5:10  Probe  
  54  5:16  Probe  
  55  5:27  Probe  
  55  5:28  Probe  
  54  5:29  Gateway  
  54  5:30  Gateway  
  54  5:34  Gateway  
  54  5:35  Gateway x2  
  54  5:36  Stalker  
  54  5:37  Gateway  
  54  5:39  Stalker  
  58  5:43  Void Ray  
  58  6:02  Stalker  
  58  6:03  Stalker  
Show
View Real Time Build Order
Export as new Build Order

Wandelstern Zerg 

Build Orders: Hatch First 

Get SALT Encoding   

  12  0:00  Drone  
  13  0:08  Drone  
  14  0:23  Extractor  
  14  0:24  Drone, Overlord  
  15  0:43  Drone  
  16  0:50  Hatchery  
  15  0:57  Drone  
  16  1:06  Drone, Extractor  
  16  1:12  Spawning Pool  
  16  1:15  Drone  
  16  1:25  Drone  
  16  1:26  Drone  
  16  1:32  Drone  
  19  1:40  Overlord  
  19  1:57  Drone  
  19  2:01  Queen  
  20  2:02  Queen  
  20  2:04  Zergling x2  
  20  2:06  Zergling x2  
  26  2:18  Drone x2  
  26  2:21  Metabolic Boost  
  28  2:27  Drone x2  
  30  2:34  Drone  
  30  2:35  Drone  
  32  2:50  Drone  
  33  2:51  Hatchery  
  33  2:52  Drone  
  33  3:00  Queen  
  33  3:04  Overlord  
  35  3:18  Overlord  
  35  3:21  Drone  
  35  3:22  Queen  
  35  3:23  Drone x2  
  35  3:24  Drone  
  35  3:26  Drone  
  42  3:27  Drone  
  43  3:36  Queen  
  45  3:44  Overlord  
  45  3:45  Overlord  
  45  3:47  Zergling x6  
  48  3:49  Zergling x2  
  49  4:07  Queen  
  51  4:16  Drone x5  
  51  4:17  Drone x5  
  61  4:26  Drone  
  61  4:27  Drone x2, Baneling Nest  
  61  4:28  Drone  
  61  4:30  Drone  
  65  4:33  Spore Crawler  
  65  4:35  Spore Crawler  
  63  4:40  Overlord  
  63  4:47  Lair  
  63  4:50  Queen  
  63  4:52  Queen  
  65  4:55  Overlord  
  65  4:56  Overlord  
  65  4:58  Overlord  
  67  5:06  Evolution Chamber  
  64  5:18  Zergling x24  
  76  5:26  Drone x4  
  76  5:27  Drone x2  
  82  5:31  Extractor  
  82  5:33  Spine Crawler  
  59  5:53  Hydralisk Den  
Tags
 
Add a new tag
Caveats
  • Supply blocks, unpowered buildings, or Contaminate may cause inaccurate times.
  • Supply counts are checked every 10 seconds.